 Dungeon Crawl Stone Soup version 0.31-a0-1074-g0b22e4e0f1 (webtiles) character file.

Game seed: 10066936979864083853

106 horus123 the Magician (level 4, -1/24 HPs)
             Began as a Deep Elf Earth Elementalist on Dec 6, 2023.
             Succumbed to an orc's poison
             ... on level 3 of the Dungeon.
             The game lasted 00:05:41 (1923 turns).

horus123 the Magician (Deep Elf Earth Elementalist) Turns: 1923, Time: 00:05:42

Health: -1/24      AC:  5    Str:  5    XL:     4   Next: 55%
Magic:  12/13      EV: 12    Int: 22    God:
Gold:   80         SH:  0    Dex: 15    Spells: 12/13 levels left

rFire   . . .        d - +1 short sword (elec)
rCold   . . .        (no shield)
rNeg    . . .        a - +0 robe
rPois   .            g - +2 helmet
rElec   .            (no cloak)
rCorr   .            (no gloves)
SInv    .            (no boots)
Will    .....        (no amulet)
Stlth   ++           (no ring)
HPRegen 0.24/turn    (no ring)
MPRegen 0.13/turn

%: no passive effects
@: lethally poisoned (-1 -> -30)
A: no striking features
a: no special abilities


You were on level 3 of the Dungeon.
You visited 1 branch of the dungeon, and saw 3 of its levels.

You collected 80 gold pieces.

Inventory:

Hand Weapons
 d - a +1 short sword of electrocution (weapon)
Armour
 a - a +0 robe (worn)
 g - a +2 helmet (worn)
Magical Staves
 c - a staff of fire
 l - a staff of death
Jewellery
 f - a ring of ice
 n - a ring of willpower
Scrolls
 e - 2 scrolls of teleportation {unknown}
 i - a scroll of immolation {unknown}
 k - a scroll of identify {unknown}
Potions
 b - a potion of magic
 h - a potion of heal wounds {unknown}
 j - a potion of attraction {unknown}
 m - 3 potions of enlightenment {unknown}
 o - a potion of berserk rage {unknown}


   Skills:
 - Level 2.4 Dodging
 - Level 2.4 Stealth
 - Level 5.0 Spellcasting
 - Level 1.1 Transmutations
 + Level 4.9 Earth Magic


You had 12 spell levels left.
You knew the following spells:

 Your Spells              Type           Power      Damage    Failure   Level
a - Sandblast             Erth           54%        2d13      1%          1

Your spell library contained the following spells:

 Spells                   Type           Power      Damage    Failure   Level
 Passwall                 Tmut/Erth      15%        N/A       4%          2
 Stone Arrow              Conj/Erth      32%        3d9       11%         3
 Petrify                  Tmut/Erth      18%        N/A       28%         4
 Brom's Barrelling Bould  Conj/Erth      16%        2d4       36%         4


Dungeon Overview and Level Annotations

Branches:
Dungeon (3/15)

Altars:
Cheibriados

Shops:
D:2 (


Message History

The blast of sand hits the goblin!!
You kill the goblin!
Magic restored.
Things that are here:
a +0 dagger; a goblin corpse
Found 5 stones.
Found 6 poisoned darts.
You open the door.
An orc comes into view. It is wielding a +0 hand axe.
Found 10 gold pieces. 2 orcs and a dart slug come into view.
An orc is wielding a +2 hand axe of venom.
There is an open door here.
An adder comes into view.
Found a robe.
The orc shouts! x2
The orc throws a stone.
The stone barely misses you. The orc attacks as it pursues you!
The orc hits you but does no damage.
You are poisoned.
The orc throws a stone.
The stone closely misses you.
There is an open door here.
You feel very sick. The orc attacks as it pursues you!
The orc hits you with a +2 hand axe of venom.
You are lethally poisoned!
You feel very sick. The orc attacks as it pursues you!
The orc hits you with a +2 hand axe of venom.
You are more poisoned.
Aiming: Sandblast (safe; 1% risk of failure)
Press: ? - help, Q - select action Shift-Dir - straight line, f - orc
Aim: an orc, wielding a +2 hand axe of venom and quivering boomerangs (83% to hit)
Okay, then.
Okay, then.
Aiming: Sandblast (safe; 1% risk of failure)
Press: ? - help, Q - select action Shift-Dir - straight line, f - orc
Aim: an orc, wielding a +2 hand axe of venom and quivering boomerangs (83% to hit)
The blast of sand hits the orc!!
You kill the orc!
You die...

#...#)#.(.....+
#...#...#######
#......## .....
#...###.## ..... #.###
#.# ...... .. #.#
......
.######.#########.....
.............##...o#
.######.####@)'o...#
#.# ####....# #.#
#.....# ..# '...S....
..# ##...w..## (..+
......... ...#
......... .........
[....#....


You could see 2 orcs.

Vanquished Creatures
  2 orc wizards (D:2)
  An adder (D:2)
  A worm (D:2)
  A dart slug (D:1)
  3 orcs
  A bat (D:1)
  An endoplasm (D:2)
  4 giant cockroaches
  5 goblins
  4 hobgoblins
  4 quokkas
  5 ball pythons
  4 kobolds
  6 rats
42 creatures vanquished.

Notes
Turn   | Place    | Note
-------+----------+-------------------------------------------
     0 | D:1      | horus123 the Deep Elf Earth Elementalist began the quest
                  | for the Orb.
     0 | D:1      | Reached XP level 1. HP: 10/10 MP: 6/6
   153 | D:1      | Reached skill level 4 in Spellcasting
   153 | D:1      | Reached XP level 2. HP: 15/15 MP: 7/9
  1129 | D:2      | Reached skill level 5 in Spellcasting
  1129 | D:2      | Reached XP level 3. HP: 12/19 MP: 3/11
  1428 | D:2      | Found a snail-covered altar of Cheibriados.
  1455 | D:2      | Identified the +4 short sword "Wemukk" {pain, +Blink rF+
                  | Int-2}
  1468 | D:2      | Reached XP level 4. HP: 16/24 MP: 5/13
  1602 | D:2      | Found Neacegan's Weapon Boutique.
  1923 | D:3      | Succumbed to an orc's poison

Illustrated notes

Levels and vault maps discovered:
D:1:      minmay_arrival_plants_in_alcoves, layout_loops_ring, serial_rivers,
          chequers_serial_rivers_large_a, chequers_serial_rivers_micro_a,
          chequers_serial_rivers_room_a, chequers_serial_rivers_micro_d,
          chequers_serial_rivers_micro_c
D:2:      layout_rooms, basic_altar, serial_shops, shop,
          kennysheep_generic_room_8
D:3:      layout_basic, nicolae_yredelemnul_corpse_copse, minmay_checkerbox,
          uniq_natasha

Skill      XL: |  1  2  3 |
---------------+----------+-----
Spellcasting   | 4 5 |  5.0
Earth Magic    | 4 |  4.9
Dodging        | |  2.4
Stealth        | |  2.4
Transmutations | |  1.1

Action                     |  1- 3 |  4- 6 || total
---------------------------+-------+-------++-------
  Melee: Unarmed           |     4 |       ||     4
         Short sword       |     1 |     6 ||     7
   Cast: Sandblast         |    52 |    13 ||    65
 Armour: Robe              |    10 |    11 ||    21
  Dodge: Dodged            |    26 |    14 ||    40

Table legend: (Time is in decaauts)
 A = Elapsed time spent in this place.
 B = Non-inter-level travel time spent in this place.
 C = Inter-level travel time spent in this place.
 D = Time resting spent in this place.
 E = Time spent auto-exploring this place.
 F = Levels seen in this place.
 G = Mean time per level.
                   A        B        C        D        E       F      G
               +--------+--------+--------+--------+--------+-----+--------+
         Total |   1966 |   1894 |     72 |     18 |   1573 |   3 |  655.3 |
       Dungeon |   1966 |   1894 |     72 |     18 |   1573 |   3 |  655.3 |
               +--------+--------+--------+--------+--------+-----+--------+

Top non-repeatable levels by time:
     D:1: 1098 daAuts
     D:2: 818 daAuts
     D:3: 50 daAuts
